AoeStats
← 风雨中的子弹

Black Forest

513173669Analyzed
2v2 RM · 7d ago on Oct 12, 2026· 235m 56s· 4 players
Game mode
Random Map
Map size
Medium (4 player)
Population
200
Speed
Normal
Resources
Standard
Victory
Conquest
Starting age
Dark Age
Ending age
Imperial Age
RankedLock teamsTeams togetherTeam positionsShared explorationLock speedFull tech treeHidden civsTurbo modeCheats
Victory
Defeat
🇨🇱 Turks · Chile
598
+9
🇮🇹 Portuguese · Italy
541
+11
vs
🇨🇱 Lithuanians · Chile
476
-12
🇨🇳 Chinese · China
379
-8
Giampy12
1:12 Loom
15:37 Feudal Age
19:44 Castle Age
19:05 Double-Bit Axe
35:12 Imperial Age
34:55 Husbandry
35:05 Bloodlines
34:16 Light Cavalry
37:19 Coinage
37:00 Guilds
36:17 Cavalier
41:18 Chemistry
40:38 Ballistics
40:10 Heated Shot
40:26 Siphons
40:32 Fortified Wall
42:31 Wheelbarrow
44:49 Bombard Tower
44:19 Guard Tower
44:25 Murder Holes
44:11 Treadmill Crane
53:12 Banking
79:05 Onager
85:01 Sappers
Nick
12:59 Feudal Age
13:31 Double-Bit Axe
17:19 Horse Collar
23:31 Castle Age
22:59 Stone Mining
24:05 Fletching
27:06 Gold Mining
27:45 Fortified Wall
27:51 Bow Saw
28:18 Heavy Plow
30:07 Wheelbarrow
35:02 Bodkin Arrow
37:38 Scale Mail Armor
52:46 Imperial Age
56:07 Gold Shaft Mining
55:37 Caravan
58:59 Artillery
59:32 Bombard Tower
62:47 Bracer
65:07 Elite Janissary
70:03 Bloodlines
113:18 Ballistics
116:20 Town Watch
119:02 Scale Barding Armor
134:20 Two-Man Saw
133:38 Masonry
133:56 Chain Barding Armor
134:31 Conscription
134:38 Conscription
176:55 Architecture
180:52 Forging
ballestalol1000
14:41 Feudal Age
15:24 Double-Bit Axe
19:58 Man-at-Arms
25:38 Castle Age
25:44 Castle Age
27:54 Horse Collar
31:03 Bow Saw
30:33 Long Swordsman
32:06 Crossbowman
33:37 Forging
38:11 Arson
38:48 Elite Skirmisher
38:51 Pikeman
43:40 Heavy Plow
45:42 Scale Mail Armor
49:15 Iron Casting
48:56 Chain Mail Armor
48:43 Padded Archer Armor
48:33 Fletching
52:24 Leather Archer Armor
52:04 Bodkin Arrow
54:01 Scale Barding Armor
54:10 Bloodlines
53:42 Light Cavalry
56:20 Thumb Ring
59:44 Imperial Age
57:29 Caravan
59:17 Chain Barding Armor
59:12 Squires
60:05 Hill Forts
60:10 Cavalier
60:20 Halberdier
60:22 Two-Handed Swordsman
61:10 Thumb Ring
61:39 Ring Archer Armor
62:32 Elite Leitis
64:34 Fortified Wall
65:35 Chemistry
64:56 Ballistics
64:34 Capped Ram
68:27 Crop Rotation
68:09 Tower Shields
72:35 Paladin
75:00 Husbandry
81:44 Bombard Tower
84:14 Onager
86:13 Two-Man Saw
85:53 Wheelbarrow
87:55 Winged Hussar
91:06 Guard Tower
风雨中的子弹
0:51 Loom
14:35 Feudal Age
15:49 Town Watch
15:33 Man-at-Arms
20:18 Double-Bit Axe
21:35 Horse Collar
23:20 Wheelbarrow
28:30 Castle Age
28:49 Fletching
29:09 Forging
29:00 Scale Mail Armor
29:00 Padded Archer Armor
29:07 Scale Barding Armor
30:57 Gold Mining
30:57 Stone Mining
31:13 Heavy Plow
31:06 Long Swordsman
31:07 Pikeman
31:11 Crossbowman
31:12 Elite Skirmisher
32:02 Husbandry
32:13 Bloodlines
31:23 Light Cavalry
32:55 Gold Shaft Mining
32:56 Stone Shaft Mining
32:55 Leather Archer Armor
33:01 Squires
36:22 Thumb Ring
38:09 Hand Cart
38:35 Town Patrol
40:17 Fortified Wall
43:33 Imperial Age
44:47 Chain Mail Armor
45:02 Ring Archer Armor
44:31 Arrowslits
44:37 Guard Tower
46:01 Bow Saw
45:51 Murder Holes
45:56 Guard Tower
47:42 Chemistry
48:13 Two-Handed Swordsman
48:14 Halberdier
48:15 Elite Fire Lancer
49:16 Heavy Scorpion
53:58 Plate Mail Armor
54:22 Stone Shaft Mining
55:16 Heavy Rocket Cart
56:14 Champion
57:32 Iron Casting
56:52 Bodkin Arrow
57:28 Ring Archer Armor
57:19 Chain Barding Armor
60:41 Bracer
61:42 Blast Furnace
60:07 Cavalier
63:00 Plate Barding Armor
114:00 Keep
113:46 Bombard Tower
125:56 Ballistics
127:36 Illumination
134:58 Great Wall
Connection lost

Rejoining the realm…

Still unreachable

The connection could not be restored.

Session expired

The server has moved on; the page needs a fresh start.